 Dungeon Crawl Stone Soup version 0.21.1-1-g345015fe64 (webtiles) character file.

144 Kohma the Sneak (level 5, -7/24 HPs)
             Began as a Spriggan Enchanter on June 27, 2018.
             Mangled by an ogre
             ... wielding a +0 giant club
              (18 damage)
             ... on level 4 of the Dungeon.
             The game lasted 00:13:52 (4415 turns).

Kohma the Sneak (Spriggan Enchanter)                Turns: 4415, Time: 00:13:53

Health: -7/24      AC:  3    Str:  5    XL:     5   Next: 5%
Magic:  8/10       EV: 20    Int: 19    God:
Gold:   164        SH:  0    Dex: 17    Spells: 4/10 levels left

rFire    . . .     SeeInvis +   z - +0 short sword (freeze)
rCold    . . .     Gourm    .   (shield restricted)
rNeg     . . .     Faith    .   b - +1 robe
rPois    .         Spirit   .   (helmet restricted)
rElec    .         Reflect  .   (no cloak)
rCorr    .         Harm     .   (gloves unavailable)
MR       +....                  (boots unavailable)
Stlth    +++.......             (no amulet)
HPRegen  0.08/turn              p - +3 ring of intelligence
MPRegen  0.12/turn              e - ring of protection from magic

@: very slightly contaminated, very quick
A: very small, unfitting armour, see invisible, herbivore, speed 3, slow
metabolism 2
a: no special abilities


You were on level 4 of the Dungeon.
You were not hungry.

You visited 1 branch of the dungeon, and saw 4 of its levels.

You collected 164 gold pieces.

Inventory:

Hand Weapons
 a - a +1 dagger
 t - a +2 short sword of protection
 z - a +0 short sword of freezing (weapon)
Missiles
 f - a throwing net (quivered)
 k - 16 bolts
 q - 48 stones
Armour
 b - a +1 robe (worn)
Jewellery
 e - a ring of protection from magic (right hand)
 p - a +3 ring of intelligence (left hand)
Scrolls
 j - 2 scrolls of remove curse
 s - a scroll of enchant armour
Potions
 i - a potion of flight {unknown}
 l - 3 potions of agility
 n - a potion of curing {unknown}
 o - a potion of degeneration {unknown}
 r - a potion of magic {unknown}
 v - a potion of ambrosia {unknown}
 w - 2 potions of haste {unknown}
Books
 c - a book of Maledictions

   Spells                             Type                      Level
   a - Corona                         Hexes                        1
   b - Ensorcelled Hibernation        Hexes/Ice                    2
   c - Confuse                        Hexes                        3
   d - Tukima's Dance                 Hexes                        3
   e - Dazzling Spray                 Conjuration/Hexes            3
Comestibles
 d - 6 rations


   Skills:
 + Level 2.2 Short Blades
 * Level 5.1 Dodging
 + Level 5.1 Stealth
 - Level 3.0 Spellcasting
 * Level 4.9 Hexes


You had 4 spell levels left.
You knew the following spells:

 Your Spells              Type           Power        Failure   Level  Hunger
a - Corona                Hex            ###....      1%          1    None
b - Ensorcelled Hibernat  Hex/Ice        ##....       9%          2    ##.....
c - Confuse               Hex            ###.....     6%          3    ###....


Dungeon Overview and Level Annotations

Branches:
Dungeon (4/15)
 Temple: D:4-7

Altars:
Makhleb
Zin


Innate Abilities, Weirdness & Mutations

You are very small and have problems with some larger weapons.
You are too small for most types of armour.
You have supernaturally acute eyesight. (SInv)
You are a herbivore.
You cover ground extremely quickly.
You need consume almost no food.


Message History

Press: ? - help, v - describe, . - travel The floor.
You enter a teleport trap!
The teleport trap disappears.
Your surroundings suddenly seem different.
An ooze and an ogre come into view.
Found a chain mail.
A frilled lizard comes into view.
The helpless ogre fails to defend itself.
You puncture the ogre! You freeze the ogre.
The ogre is heavily wounded.
The ogre hits you with a giant club!
Ouch! That really hurt!
Casting: Ensorcelled Hibernation
Confirm with . or Enter, or press ? or * to list all spells.
Aiming: Ensorcelled Hibernation
Press: ? - help, Shift-Dir - straight line, f - ogre
Aim: an ogre, wielding a giant club (heavily wounded, chance to defeat MR: 43%)
The ogre resists with some effort.
The ogre hits you with a giant club!!
Ouch! That really hurt!
You die...

*,*,,,,*,,,*,,,,* ***,*
*,*,,,**,,,*#..l#****,,,*
*,*,,,*,,,,,#...#,,,,,,,*
***,*,,,*,,,,,#...#****,*,*
,,,,*,,,*,,,,,#J..#****,*,*
*****,,,*,,⌠,,#...#,,,,,*,*
* *,,,*,,,,,#...#***,,*,* *
*,,,*,,,,,#.O.# *,,*,* *
*,,,*,,,,,#.@.# *,,*,*
*****,,,**,,,*#...# *,,*,*
,,,,*,,,,*,,,#....# *,,*,*
******,,,*,,,#..[##***,,*,*
*,*,,,**,.....#,,,,,,,,*
*,*,,,,*......#*,**,****
#.*,,,,####..⌠#*,**,,,*
****.*,,,,,,,#####*,****,*
,,,,.#*,,,,,,,,,* *,* *,*


You could see an ogre, an ooze (sleeping) and a frilled lizard (sleeping).

Vanquished Creatures
  3 adders
  2 oozes
  A worm (D:2)
  2 dart slugs
  A leopard gecko (D:1)
  12 orcs (D:3)
  4 bats
  5 giant cockroaches
  11 goblins
  10 hobgoblins
  3 jackals (D:3)
  2 quokkas (D:2)
  5 frilled lizards
  11 kobolds
  13 rats
85 creatures vanquished.

Notes
Turn   | Place    | Note
-------+----------+-------------------------------------------
     0 | D:1      | Kohma the Spriggan Enchanter began the quest for the Orb.
     0 | D:1      | Reached XP level 1. HP: 9/9 MP: 5/5
   299 | D:1      | Reached XP level 2. HP: 13/13 MP: 4/6
   303 | D:1      | Learned a level 2 spell: Ensorcelled Hibernation
   549 | D:1      | Reached XP level 3. HP: 11/16 MP: 0/8
  1513 | D:2      | Found a burning altar of Makhleb.
  1515 | D:2      | Found a glowing silver altar of Zin.
  1515 | D:2      | Noticed an angel
  1515 | D:2      | Noticed a green death
  2112 | D:2      | Reached XP level 4. HP: 21/21 MP: 6/9
  3183 | D:3      | Found a faded altar of an unknown god.
  3199 | D:3      | Reached skill level 5 in Stealth
  3973 | D:3      | Reached skill level 5 in Dodging
  4050 | D:3      | Reached XP level 5. HP: 24/24 MP: 0/10
  4348 | D:4      | Learned a level 3 spell: Confuse
  4412 | D:4      | Noticed an ogre
  4415 | D:4      | Mangled by an ogre

Skill      XL: |  1  2  3  4 |
---------------+-------------+-----
Hexes          | 4 |  4.9
Spellcasting   | 3 |  3.0
Dodging        | 4 5 |  5.1
Short Blades   | 2 |  2.2
Stealth        | 5 |  5.1

Action                   |  1- 3 |  4- 6 || total
-------------------------+-------+-------++-------
Melee: Dagger            |   109 |    66 ||   175
       Short sword       |       |     1 ||     1
 Cast: Corona            |     9 |     1 ||    10
       Ensorcelled Hiber |    35 |    50 ||    85
  Use: Scroll            |       |    10 ||    10
 Stab: Sleeping          |    33 |    36 ||    69
       Distracted        |       |     1 ||     1
  Eat: Ration            |     1 |     2 ||     3
Armor: Robe              |     9 |     4 ||    13
Dodge: Dodged            |   104 |    55 ||   159
